Map: Beckett Industries LE

Players

TerranYOUup - Winner!

  • Race: Terran Terran
  • League: Diamond

Etiquette

  • Race: Zerg Zerg
  • League: Diamond

VOD

Have the link to the VOD?

Description

Time

  • Played on: July 18, 2021, 4:47 p.m.
  • Length: 16:45
Show
View Real Time Build Order
Export as new Build Order

TerranYOUup Terran - Winner!

Build Orders: 2 Factory, Command Center First (CC) 

Get SALT Encoding   

  12  0:00  SCV  
  13  0:13  SCV  
  14  0:18  Supply Depot  
  14  0:25  SCV  
  15  0:40  SCV  
  16  0:52  SCV  
  17  1:01  Command Center  
  17  1:04  SCV  
  18  1:16  Barracks  
  18  1:20  SCV  
  19  1:31  Barracks  
  19  1:33  SCV  
  20  1:45  SCV  
  21  1:47  Refinery  
  21  1:57  SCV  
  21  1:59  Refinery  
  22  2:06  Bunker  
  22  2:07  Marine  
  23  2:11  Orbital Command  
  23  2:20  Orbital Command  
  23  2:26  Marine  
  24  2:38  SCV  
  25  2:45  Factory  
  25  2:47  SCV  
  26  2:55  SCV  
  27  2:59  SCV  
  27  3:04  Factory  
  28  3:08  SCV, Refinery  
  29  3:16  SCV  
  30  3:20  SCV, Marine x2  
  33  3:30  Factory Tech Lab  
  31  3:37  Marine  
  31  3:38  Marine  
  30  3:47  Factory Tech Lab  
  26  3:49  Factory Tech Lab  
  22  3:55  Marine  
  22  3:56  Marine  
  20  4:23  Siege Tank  
  20  4:26  SCV  
  19  4:40  Siege Tank  
  19  4:41  Marine x2  
  20  4:58  Marine  
  20  4:59  Marine  
  18  5:13  SCV  
  19  5:25  Marine x2  
  19  5:26  SCV x2  
  23  5:38  SCV  
  24  5:50  SCV  
  24  5:51  SCV  
  26  6:02  SCV  
  26  6:03  SCV  
  25  6:06  Marine x2  
  25  6:07  Factory Tech Lab  
  26  6:14  SCV  
  26  6:15  SCV  
  28  6:24  Marine x2  
  28  6:25  Command Center  
  30  6:27  SCV  
  31  6:38  Siege Tank  
  34  6:43  SCV  
  34  6:44  SCV  
  35  7:01  SCV x2  
  35  7:06  Barracks Reactor  
  37  7:10  Supply Depot  
  37  7:13  Supply Depot, Barracks Reactor  
  37  7:24  SCV  
  38  7:32  SCV, Siege Tank  
  42  7:39  Siege Tank  
  42  7:40  Orbital Command  
  42  7:41  SCV  
  47  7:44  SCV  
  47  7:45  Marine x2  
  49  7:51  Marine x2  
  49  7:53  SCV  
  49  7:56  SCV  
  53  7:59  Supply Depot  
  53  8:01  Supply Depot  
  53  8:05  SCV x2  
  55  8:13  Siege Tank  
  55  8:14  SCV  
  55  8:17  SCV  
  60  8:24  SCV  
  60  8:26  SCV  
  62  8:29  SCV  
  62  8:32  Marine x4  
  67  8:34  Siege Tank  
  67  8:38  SCV  
  67  8:39  SCV  
  72  8:45  Supply Depot x2  
  72  8:47  SCV  
  73  8:53  Marine x4  
  77  9:02  SCV x3  
  80  9:10  Marine x2  
  80  9:11  Marine x2  
  80  9:12  Refinery  
  84  9:22  Supply Depot  
  84  9:23  Supply Depot  
  84  9:38  Siege Tank x2, Marine x4  
  90  9:44  Armory  
  90  9:45  SCV x2, Armory  
  95  9:53  Factory  
  95  9:56  Factory  
  95  10:01  SCV  
  95  10:02  SCV  
  95  10:05  Factory  
  95  10:06  Factory  
  97  10:14  SCV  
  92  10:19  Siege Tank x2, Marine x3  
  92  10:20  Marine  
  102  10:33  Orbital Command  
  102  10:46  Marine x3  
  102  10:48  SCV x2  
  107  10:51  Siege Tank x2  
  107  10:55  Factory Reactor  
  107  10:56  Factory Reactor  
  111  11:00  Factory Tech Lab, SCV  
  111  11:02  Factory Reactor  
  111  11:03  Marine  
  111  11:04  SCV, Marine x3  
  117  11:12  Supply Depot  
  117  11:14  Supply Depot x2  
  117  11:18  SCV x3  
  117  11:20  Engineering Bay  
  105  11:30  SCV x3  
  101  11:42  Siege Tank x3  
  101  11:43  Hellion x4  
  118  11:47  Terran Vehicle And Ship Armor Level 1, Terran Vehicle Weapons Level 1  
  119  11:54  SCV x3  
  119  11:57  Refinery  
  121  12:06  Hellion x3, SCV  
  121  12:07  Hellion x3  
  134  12:12  SCV x2  
  136  12:18  SCV  
  137  12:27  Refinery  
  137  12:28  SCV x2, Command Center  
  139  12:30  SCV  
  140  12:46  Supply Depot  
  140  12:49  Supply Depot  
  140  12:57  Supply Depot x2  
  140  12:58  Supply Depot  
  140  13:00  Supply Depot  
  140  13:08  Hellion x3, Siege Tank  
  140  13:11  Siege Tank x2  
  155  13:23  Hellion x3  
  134  13:40  Siege Tank  
  137  13:43  Siege Tank x2  
  120  13:52  Hellion x2  
  120  13:53  Hellion x4  
  120  13:54  SCV x3  
  111  14:12  Siege Tank  
  111  14:15  Siege Tank x2  
  111  14:16  Command Center  
  120  14:17  SCV x3  
  120  14:24  Hellion, Refinery  
  123  14:26  Infernal Pre-Igniter  
  125  14:32  Refinery  
  125  14:36  SCV x3  
  128  14:39  Planetary Fortress  
  128  14:44  Siege Tank  
  131  14:47  Siege Tank x2  
  131  14:48  SCV  
  138  14:56  SCV x2, Starport  
  138  14:57  Starport  
  139  15:00  SCV  
  124  15:19  Hellion, Siege Tank x3  
  124  15:20  Hellion x5  
  134  15:35  Command Center  
  134  15:36  Command Center  
  134  15:41  SCV x2  
  136  15:51  Siege Tank  
  136  15:52  Hellion x2, Siege Tank x2  
  136  15:53  Hellion x4  
  157  16:14  Hellion x3  
  157  16:15  Hellion x3  
Show
View Real Time Build Order
Export as new Build Order

Etiquette Zerg 

Build Orders: Pool First, Ravager All-In 

Get SALT Encoding   

  12  0:00  Drone  
  13  0:10  Drone  
  14  0:26  Spawning Pool  
  13  0:29  Drone  
  13  0:33  Extractor  
  13  0:37  Drone  
  14  0:45  Extractor  
  14  0:46  Drone  
  14  0:53  Overlord  
  14  1:14  Roach Warren  
  14  1:18  Drone x2  
  14  1:21  Drone  
  16  1:33  Overlord  
  16  1:55  Roach x2  
  20  2:02  Roach  
  22  2:16  Roach  
  24  2:24  Roach  
  26  2:34  Overlord  
  26  2:44  Ravager x2  
  26  2:45  Ravager  
  26  2:49  Ravager  
  30  3:04  Roach x2  
  34  3:09  Queen  
  34  3:12  Roach  
  35  3:45  Roach  
  37  3:48  Ravager  
  38  4:00  Roach  
  38  4:02  Zergling x4  
  30  4:12  Roach  
  32  4:20  Hatchery  
  32  4:23  Roach  
  33  4:34  Roach  
  35  4:42  Metabolic Boost  
  35  4:43  Roach  
  37  4:58  Queen  
  37  5:02  Roach  
  35  5:07  Roach  
  33  5:15  Roach  
  35  5:30  Drone  
  35  5:33  Ravager  
  35  5:34  Queen  
  33  5:35  Queen  
  35  5:45  Drone  
  35  5:46  Overlord  
  36  5:55  Drone x2  
  36  6:05  Drone x2  
  38  6:16  Drone x3  
  41  6:22  Overlord  
  41  6:25  Drone  
  42  6:29  Ravager  
  42  6:30  Drone  
  44  6:46  Drone x2, Overlord  
  44  6:47  Drone  
  47  6:48  Drone  
  47  6:50  Drone  
  47  6:53  Drone  
  50  6:58  Drone x2  
  52  7:17  Lair  
  52  7:20  Hatchery  
  51  7:30  Drone x2  
  51  7:34  Evolution Chamber  
  51  7:35  Evolution Chamber  
  51  7:46  Overlord  
  51  7:49  Roach  
  51  7:50  Roach x3  
  59  8:03  Drone x2, Extractor  
  59  8:04  Extractor  
  59  8:06  Drone x7  
  66  8:14  Glial Reconstitution  
  66  8:17  Drone x2  
  68  8:34  Zerg Ground Armor Level 1  
  68  8:35  Drone  
  68  8:36  Drone x5  
  68  8:38  Overlord x2  
  74  8:46  Zerg Melee Weapons Level 1  
  74  8:47  Overlord  
  74  8:48  Overlord x2  
  74  8:57  Roach x5  
  74  8:59  Roach  
  86  9:07  Drone x2  
  86  9:08  Drone  
  87  9:17  Drone  
  87  9:18  Drone x7  
  95  9:28  Drone  
  95  9:29  Drone, Extractor x2  
  95  9:41  Roach x4  
  95  9:42  Roach x2  
  95  9:45  Drone  
  108  9:51  Overseer  
  108  9:55  Drone  
  108  9:57  Drone x2  
  111  10:01  Overlord x3  
  111  10:02  Hatchery, Overlord  
  111  10:05  Overlord  
  110  10:13  Roach x3  
  89  10:20  Roach x3  
  70  10:25  Roach  
  66  10:30  Roach x3  
  66  10:34  Roach  
  66  10:35  Roach  
  72  10:38  Roach  
  72  10:42  Roach  
  74  10:45  Ravager x4  
  74  10:47  Roach  
  80  10:52  Roach  
  80  10:54  Roach  
  84  10:58  Roach  
  84  11:00  Ravager x3  
  84  11:01  Ravager  
  84  11:04  Roach  
  90  11:10  Roach x2  
  81  11:20  Roach x3  
  81  11:23  Roach  
  72  11:28  Roach x2  
  72  11:32  Roach  
  76  11:37  Roach  
  67  11:40  Ravager x2  
  67  11:43  Roach x2  
  67  11:46  Ravager x3  
  74  11:50  Roach  
  74  11:53  Roach  
  76  11:58  Roach  
  78  12:11  Roach  
  80  12:19  Zerg Missile Weapons Level 1  
  80  12:21  Roach  
  82  12:24  Roach  
  82  12:25  Hatchery  
  83  12:33  Roach x3  
  89  12:42  Roach x2  
  89  12:43  Roach  
  95  12:47  Roach  
  97  12:52  Roach  
  97  12:55  Roach  
  101  12:59  Roach  
  101  13:00  Roach  
  105  13:09  Roach x2  
  105  13:12  Ravager x4  
  113  13:14  Ravager  
  113  13:16  Roach  
  116  13:21  Roach  
  116  13:25  Roach  
  118  13:29  Roach  
  118  13:32  Roach  
  114  13:41  Roach x2  
  114  13:42  Roach  
  114  13:46  Roach x2  
  95  13:52  Roach  
  80  13:57  Roach  
  80  13:58  Roach  
  80  14:01  Roach  
  76  14:06  Roach  
  74  14:10  Roach x2  
  74  14:16  Roach  
  80  14:17  Roach  
  80  14:20  Roach  
  80  14:24  Ravager x3  
  85  14:27  Roach  
  87  14:32  Roach  
  87  14:34  Roach  
  91  14:40  Roach x2  
  91  14:43  Roach  
  97  14:51  Roach x2  
  101  14:59  Roach x2  
  107  15:00  Roach  
  105  15:09  Roach x2  
  105  15:12  Roach x2  
  97  15:16  Roach  
  97  15:19  Roach  
  72  15:25  Roach x2  
  69  15:29  Roach  
  69  15:32  Roach  
  69  15:34  Drone  
  74  15:47  Roach x4  
  82  15:51  Ravager x4  
  82  15:53  Ravager  
  82  15:56  Roach  
  89  16:06  Roach x3  
  95  16:12  Roach x2  
  95  16:17  Roach  
  101  16:25  Roach x3  
Tags
 
Add a new tag
Caveats
  • Supply blocks, unpowered buildings, or Contaminate may cause inaccurate times.
  • Supply counts are checked every 10 seconds.